 Dungeon Crawl Stone Soup version 0.30-a0-223-gcb0039aa0c (webtiles) character file.

Game seed: 5335841590882247984

249 qw the Chopper (level 6, -4/38 HPs)
             Began as a Gargoyle Fighter on Oct 9, 2022.
             Slain by a gnoll
             ... wielding a +0 halberd
              (6 damage)
             ... on level 4 of the Dungeon.
             The game lasted 00:01:06 (2575 turns).

qw the Chopper (Gargoyle Fighter)                   Turns: 2575, Time: 00:01:07

Health: -4/38      AC: 11    Str: 22    XL:     6   Next: 12%
Magic:  6/6        EV:  9    Int:  8    God:
Gold:   141        SH:  4    Dex:  9    Spells: 5/5 levels left

rFire   . . .      SeeInvis .    Y - +0 war axe
rCold   . . .      Faith    .    c - +0 buckler
rNeg    + . .      Spirit   .    b - +0 scale mail
rPois   inf        Reflect  .    (no helmet)
rElec   +          Harm     .    (no cloak)
rCorr   .          Rampage  .    (no gloves)
Will    .....                    (no boots)
Stlth   ..........               (no amulet)
HPRegen 0.26/turn                (no ring)
MPRegen 0.10/turn                (no ring)

@: no status effects
A: sickness immunity, AC +4, negative energy resistance 1, electricity
resistance, torment resistance 1, petrification resistance
a: no special abilities


You were on level 4 of the Dungeon.
You visited 1 branch of the dungeon, and saw 4 of its levels.

You collected 141 gold pieces.


Innate Abilities, Weirdness & Mutations

You are immune to sickness and miasma.
Your stone body is resilient. (AC +4)
You are immune to poison.
You resist negative energy. (rN+)
You are resistant to electric shocks. (rElec)
You are resistant to unholy torment.
You are immune to petrification.


   Skills:
 - Level 4.1 Fighting
 + Level 5.0 Axes
 - Level 3.2 Armour
 - Level 1.1 Dodging
 - Level 3.2 Shields


You had 5 spell levels left.
You didn't know any spells.
Your spell library was empty.

Inventory:

Hand Weapons
 l - a +0 flail
 Y - a +0 war axe (weapon)
Missiles
 e - 3 boomerangs (quivered)
Armour
 b - a +0 scale mail (worn)
 c - a +0 buckler (worn)
Scrolls
 a - a scroll of identify
Potions
 d - a potion of might
 f - a potion of curing
 g - a potion of cancellation
 i - a potion of resistance {unknown}
 k - a potion of invisibility {unknown}
 m - 2 potions of lignification {unknown}

Dungeon Overview and Level Annotations

Branches:
Dungeon (4/15)             Temple (0/1) D:4

Altars:

Shops:
D:2 [


Message History

You kill the orc!
A gnoll comes into view. It is wielding a +0 halberd.
The gnoll moves out of view.
The gnoll closely misses you.
Things that are here:
a +0 trident; an orc corpse
Found a staircase to the Ecumenical Temple.
The gnoll shouts!
You hear a shout!
The gnoll barely misses you.
A gnoll comes into view. It is wielding a +0 flail.
2567 ||| PLANNING TEMPLE You hit the gnoll.
The gnoll is lightly wounded.
The gnoll hits you with a +0 spear. The gnoll closely misses you.
You slash the gnoll!
The gnoll is almost dead.
The gnoll hits you from afar with a +0 halberd.
The gnoll hits you with a +0 spear.
You barely miss the gnoll.
The gnoll is almost dead.
The gnoll hits you from afar with a +0 halberd!
The gnoll closely misses you.
You slash the gnoll!
You kill the gnoll!
You block the gnoll's attack.
The gnoll hits you from afar with a +0 halberd!
Your Dodging skill increases to level 1!
The gnoll barely misses you. The gnoll hits you with a +0 flail.
You barely miss the gnoll. You hit the gnoll but do no damage.
The gnoll hits you with a +0 halberd. The gnoll hits you with a +0 flail.
You closely miss the gnoll. You barely miss the gnoll.
The gnoll hits you but does no damage. You block the gnoll's attack.
You hit the gnoll but do no damage. You barely miss the gnoll.
The gnoll closely misses you. The gnoll hits you but does no damage.
The gnoll hits you with a +0 flail. The gnoll misses you.
You slash the gnoll!
The gnoll is heavily wounded.
You closely miss the gnoll. The gnoll hits you with a +0 halberd.
You die...

#.. #.# #.# #.#
#####.### #########
#.......#
........####.###<#.#
.8.8...).).........#
.}..##@#.)#.###..>#
.>.8..gg.......#...#####
}.}.....#..#.#..).......
.8.8.......#.##....#####
...................#
##......####^####..#
#......# ..... #!.#
##.....#...... .## . ..
.#


You could see 2 gnolls.

Vanquished Creatures
  A black bear (D:3)
  Natasha (D:3)
  An adder (D:3)
  2 gnolls
  2 worms
  3 dart slugs
  6 orcs
  2 ball pythons
  6 bats
  4 endoplasms
  3 giant cockroaches
  10 goblins
  11 hobgoblins
  7 jackals
  7 quokkas
  2 frilled lizards (D:3)
  5 kobolds
  4 rats
77 creatures vanquished.

Vanquished Creatures (others)
  3 plants (D:3)
3 creatures vanquished.

Grand Total: 80 creatures vanquished

Notes
Turn   | Place    | Note
-------+----------+-------------------------------------------
     0 | D:1      | qw the Gargoyle Fighter began the quest for the Orb.
     0 | D:1      | Reached XP level 1. HP: 14/14 MP: 1/1
     0 | D:1      | 0 ||| qw: Version: 0.2-a-17-g06abaee
     0 | D:1      | 0 ||| qw: Game counter: 2172
     0 | D:1      | 0 ||| qw: Always use a shield: true
     0 | D:1      | 0 ||| qw: God list: Okawaru
     0 | D:1      | 0 ||| qw: Allow faded altars: false
     0 | D:1      | 0 ||| qw: Do Orc after D:15 true
     0 | D:1      | 0 ||| qw: Do second Lair branch before Depths: true
     0 | D:1      | 0 ||| qw: Lair rune preference: random
     0 | D:1      | 0 ||| qw: Plans: Normal, Zot:1-4, God:TSO, Crypt, Tomb,
                  | Pan, Slime:5, Hells, Abyss, Orb
     0 | D:1      | 0 ||| PLANNING D:1-11
   103 | D:1      | 103 ||| Stepping ~*~*~tactically~*~*~ (stealth).
   108 | D:1      | Reached skill level 2 in Axes
   341 | D:1      | Reached XP level 2. HP: 19/19 MP: 2/2
   482 | D:1      | Reached skill level 3 in Axes
   482 | D:1      | Reached XP level 3. HP: 10/23 MP: 3/3
   538 | D:1      | 538 ||| Stepping ~*~*~tactically~*~*~ (stealth).
   627 | D:1      | 627 ||| Stepping ~*~*~tactically~*~*~ (stealth).
   630 | D:1      | 630 ||| Stepping ~*~*~tactically~*~*~ (stealth).
  1082 | D:1      | 1082 ||| READING 2 scrolls labelled NAAG FECUNI.
  1083 | D:1      | 1083 ||| READING scroll labelled YTTAIR DETALYH.
  1084 | D:1      | 1084 ||| DRINKING 2 cyan potions.
  1085 | D:1      | 1085 ||| DROPPING potion of flight.
  1218 | D:2      | Reached XP level 4. HP: 24/28 MP: 4/4
  1262 | D:2      | 1262 ||| DROPPING +0 club.
  1505 | D:2      | Reached skill level 4 in Axes
  1526 | D:2      | Found Nifig's Antique Armour Shoppe.
  1536 | D:2      | 1536 ||| SHOPLISTING glowing plate armour (520 gold, have
                  | 55).
  1536 | D:2      | 1536 ||| SHOPLISTING glowing scale mail (140 gold, have
                  | 55).
  1536 | D:2      | 1536 ||| SHOPLISTING plate armour (460 gold, have 55).
  1536 | D:2      | 1536 ||| SHOPLISTING runed cloak (150 gold, have 55).
  1545 | D:2      | 1545 ||| DRINKING 2 yellow potions.
  1546 | D:2      | 1546 ||| READING 2 scrolls of identify.
  1546 | D:2      | 1546 ||| IDENTIFYING orange potion
  1556 | D:3      | Noticed a black bear
  1565 | D:3      | Killed a black bear
  1566 | D:3      | Reached skill level 5 in Axes
  1566 | D:3      | Reached XP level 5. HP: 19/32 MP: 5/5
  1751 | D:3      | 1751 ||| DROPPING +0 whip.
  1842 | D:3      | 1842 ||| READING scroll labelled FIMPUA DOLLOGE.
  1936 | D:3      | 1936 ||| Stepping ~*~*~tactically~*~*~ (stealth).
  1937 | D:3      | Noticed Natasha
  1950 | D:3      | Killed Natasha
  1956 | D:3      | 1956 ||| FLEEEEING.
  1957 | D:3      | 1957 ||| FLEEEEING.
  1962 | D:3      | 1962 ||| FLEEEEING.
  1963 | D:3      | 1963 ||| FLEEEEING.
  1964 | D:3      | 1964 ||| FLEEEEING.
  1965 | D:3      | 1965 ||| STAIRDANCE
  2081 | D:2      | 2081 ||| READING 4 scrolls labelled MIETOY WUHALEMO.
  2082 | D:2      | 2082 ||| READING scroll labelled DUBBOJOEGU.
  2106 | D:2      | 2106 ||| DROPPING 3 scrolls of poison.
  2117 | D:3      | 2117 ||| Stepping ~*~*~tactically~*~*~ (hiding).
  2122 | D:3      | 2122 ||| Stepping ~*~*~tactically~*~*~ (stealth).
  2127 | D:3      | 2127 ||| Stepping ~*~*~tactically~*~*~ (stealth).
  2133 | D:3      | Reached XP level 6. HP: 36/38 MP: 6/6
  2301 | D:3      | 2301 ||| Stepping ~*~*~tactically~*~*~ (hiding).
  2305 | D:3      | 2305 ||| Stepping ~*~*~tactically~*~*~ (hiding).
  2404 | D:3      | Found a faded altar of an unknown god.
  2525 | D:3      | 2525 ||| READING scroll labelled IPAOTY OTUI.
  2526 | D:3      | 2526 ||| READING scroll labelled CEUBRI ODINIRCH.
  2527 | D:3      | 2527 ||| READING 2 scrolls of identify.
  2527 | D:3      | 2527 ||| IDENTIFYING purple potion
  2528 | D:3      | 2528 ||| DROPPING potion of degeneration.
  2554 | D:4      | 2554 ||| Stepping ~*~*~tactically~*~*~ (stealth).
  2555 | D:4      | 2555 ||| Stepping ~*~*~tactically~*~*~ (stealth).
  2566 | D:4      | Found a staircase to the Ecumenical Temple.
  2567 | D:4      | 2567 ||| PLANNING TEMPLE
  2571 | D:4      | Reached skill level 1 in Dodging
  2572 | D:4      | HP: 8/38 [gnoll/+0 halberd (3)]
  2574 | D:4      | HP: 1/38 [gnoll/+0 flail (6)]
  2575 | D:4      | Slain by a gnoll

Levels and vault maps discovered:
D:1:      dpeg_arrival_round_a, layout_basic
D:2:      layout_rooms, serial_shops, shop
D:3:      minmay_chambers_of_twos, layout_basic,
          chequers_ecumenical_altar_lobes, uniq_natasha
D:4:      layout_loops_corners, lemuel_tele_altar, mainiacjoe_overflow_chevrons,
          minmay_temple_entry_statues_fountains, gammafunk_ghost_icy,
          minmay_misc_feat_cross

Skill      XL: |  1  2  3  4  5  6 |
---------------+-------------------+-----
Axes           | 2 3 5 |  5.0
Fighting       | 4 |  4.1
Dodging        | 1 |  1.1
Armour         | |  3.2
Shields        | |  3.2

Action                   |  1- 3 |  4- 6 || total
-------------------------+-------+-------++-------
Melee: War axe           |    88 |   102 ||   190
Throw: Boomerang         |    10 |    44 ||    54
  Use: Scroll            |     2 |     7 ||     9
       Potion            |     1 |     1 ||     2
Armor: Scale mail        |    39 |    62 ||   101
Dodge: Dodged            |    51 |    57 ||   108
Block: Buckler           |    19 |    23 ||    42

Table legend:
 A = Non-vault XP
 B = Vault XP
 C = Vault XP percentage of total XP
 D = Non-vault monster count
 E = Vault monster count
 F = Vault count percentage of total count
                 A         B        C        D         E       F
            +---------+---------+-------+---------+---------+-------
      Total |     293 |      64 |  17.9 |      68 |       9 |  11.7
            +---------+---------+-------+---------+---------+-------
        D:1 |      66 |       0 |   0.0 |      28 |       0 |   0.0
        D:2 |      35 |       0 |   0.0 |      16 |       0 |   0.0
        D:3 |     168 |      64 |  27.6 |      19 |       9 |  32.1
        D:4 |      24 |       0 |   0.0 |       5 |       0 |   0.0
            +---------+---------+-------+---------+---------+-------
